 Dungeon Crawl Stone Soup version 0.24-a0-537-g2d01d4ab0a (webtiles) character file.

Game seed: 9889393780271789219

83 Mithandil the Skirmisher (level 4, -2/35 HPs)
             Began as a Demonspawn Abyssal Knight on Aug 14, 2019.
             Was a Follower of Lugonu.
             Slain by an orc
             ... wielding a +0 mace
              (6 damage)
             ... on level 2 of the Dungeon.
             The game lasted 00:14:02 (2068 turns).

Mithandil the Skirmisher (DsAK)                     Turns: 2068, Time: 00:14:03

Health: -2/35      AC: 10    Str: 14    XL:     4   Next: 22%
Magic:  0/6        EV: 10    Int: 13    God:    Lugonu [*.....]
Gold:   97         SH:  0    Dex: 12    Spells: 3/3 levels left

rFire    + + .     SeeInvis .   b - +0 spear
rCold    x . .     Gourm    .   (no shield)
rNeg     . . .     Faith    .   n - +2 ring mail {rF+}
rPois    .         Spirit   +   (no helmet)
rElec    .         Reflect  .   o - +0 cloak
rCorr    .         Harm     .   (no gloves)
MR       .....                  (no boots)
Stlth    +.........             (no amulet)
HPRegen  0.11/turn              l - ring of fire
MPRegen  0.10/turn              (no ring)

@: no status effects
A: slimy green scales 1, magic shield
a: Depart the Abyss, Renounce Religion


You were on level 2 of the Dungeon.
You worshipped Lugonu.
Lugonu was aware of your devotion.
You were not hungry.

You visited 1 branch of the dungeon, and saw 3 of its levels.
You visited the Abyss 1 time.

You collected 97 gold pieces.

Inventory:

Hand Weapons
 a - a +1 falchion
 b - a +0 spear (weapon)
 e - a +0 whip
 i - a +0 short sword
 j - a +0 hunting sling
Missiles
 f - 73 stones
 h - 4 boomerangs (quivered)
 k - 2 javelins
 m - 38 arrows
Armour
 n - a +2 ring mail of fire resistance (worn)
 o - a +0 cloak (worn)
Jewellery
 l - a ring of fire (left hand)
Scrolls
 g - a scroll of fear {unknown}
 p - a scroll of remove curse {unknown}
 q - a scroll of magic mapping {unknown}
Comestibles
 c - 3 rations
 d - 2 chunks of flesh


   Skills:
 + Level 3.2 Fighting
 + Level 2.1 Long Blades
 * Level 1.4 Polearms
 + Level 0.9 Throwing
 + Level 2.2 Armour
 + Level 1.3 Dodging
 + Level 1.0 Unarmed Combat
 + Level 3.0 Invocations


You had 3 spell levels left.
You didn't know any spells.
Your spell library was empty.

Dungeon Overview and Level Annotations

Branches:
Dungeon (3/15)

Altars:


Innate Abilities, Weirdness & Mutations

You are partially covered in slimy green scales. (AC +2)
When hurt, damage is shared between your health and your magic reserves.


Message History

The orc wizard is severely wounded.
The orc wizard hits you but does no damage.
The orc closely misses you.
The orc wizard hits you with a +0 dagger.
You hit the orc wizard.
The orc wizard is almost dead.
The orc wizard gestures at you while chanting.
The puff of flame hits you but does no damage.
The orc barely misses you.
You hit the orc wizard but do no damage.
The orc wizard is almost dead.
The orc wizard hits you but does no damage.
The orc wizard points at you and mumbles some strange words.
The puff of flame hits you. You resist. The orc hits you but does no damage.
You closely miss the orc wizard.
The orc wizard is almost dead.
The orc wizard hits you with a +0 dagger.
* * * LOW HITPOINT WARNING * * *
The orc hits you with a +0 mace.
You die...

#.#....................## ######
#.#......#..####......## #.....
#...........# ##..... ###.####
#......##...# #..#### .##.###
...######...## ##.....###..#...##
##..#........###.................
###.#........##....<..##.........
................oo....#..#.......
..)............#@##..............
###........#....)##.......#......
#....?...........#......##...#
####..>.###...##........#.<<##
...... #.................#
......................#...#
##..##......#.........###.# ...#
#.....^..#....... .# ##.#.......#
.#


You could see an orc wizard and an orc.

Vanquished Creatures
  Jessica (D:2)
  An adder (D:2)
  2 dart slugs (D:1)
  A leopard gecko (D:1)
  An orc (D:2)
  3 giant cockroaches
  4 goblins (D:1)
  3 hobgoblins (D:1)
  8 jackals (D:1)
  4 kobolds (D:1)
  4 bats
  4 frilled lizards (D:1)
  5 rats (D:1)
41 creatures vanquished.

Vanquished Creatures (others)
  A kobold (D:2)
1 creature vanquished.

Grand Total: 42 creatures vanquished

Notes
Turn   | Place    | Note
-------+----------+-------------------------------------------
     0 | Abyss:1  | Mithandil the Demonspawn Abyssal Knight began the quest for
                  | the Orb.
     0 | Abyss:1  | Reached XP level 1. HP: 18/18 MP: 2/2
    71 | Abyss:3  | Noticed a demonic crawler
    71 | D:1      | Escaped the Abyss
   325 | D:1      | Reached skill level 1 in Dodging
   648 | D:2      | Noticed Jessica
   650 | D:1      | Gained mutation: You are partially covered in slimy green
                  | scales. (AC +2) [demonic ancestry]
   650 | D:1      | Reached XP level 2. HP: 24/24 MP: 3/3
   941 | D:2      | Killed Jessica
   941 | D:2      | Reached skill level 1 in Polearms
   941 | D:2      | Reached XP level 3. HP: 28/29 MP: 3/5
  1049 | D:1      | Reached * piety under Lugonu
  1653 | D:1      | Reached skill level 1 in Unarmed Combat
  1718 | D:1      | Gained mutation: When hurt, damage is shared between your
                  | health and your magic reserves. [demonic ancestry]
  1718 | D:1      | Reached XP level 4. HP: 35/35 MP: 6/6
  2020 | D:2      | You fall into a shaft and drop 1 floor!
  2068 | D:2      | Slain by an orc

Levels and vault maps discovered:
D:1:      roderic_octagonal_star, layout_rooms, minmay_tetromino_i4
D:2:      layout_rooms, chequers_ecumenical_altar_grove, cheibrodos_gnoll_hut,
          uniq_jessica
D:3:      layout_basic, lemuel_crystal_altar, grunt_dithmenos_smoke,
          chequers_garden

Skill      XL: |  1  2  3  4 |
---------------+-------------+-----
Dodging        | 1 |  1.3
Long Blades    | 2 |  2.1
Polearms       | 1 |  1.4
Armour         | 2 |  2.2
Unarmed Combat | 1 |  1.0
Invocations    | 3 |  3.0
Fighting       | |  3.2
Throwing       | |  0.9

Action                   |  1- 3 |  4- 6 || total
-------------------------+-------+-------++-------
Melee: Spear             |   163 |    81 ||   244
Invok: Depart the Abyss  |     1 |       ||     1
  Use: Scroll            |     2 |       ||     2
       Potion            |     2 |       ||     2
  Eat: Chunk             |     3 |     1 ||     4
Armor: Leather armour    |    52 |       ||    52
       Ring mail         |    29 |    60 ||    89
Dodge: Dodged            |   144 |    62 ||   206

Table legend:
 A = Non-vault XP
 B = Vault XP
 C = Vault XP percentage of total XP
 D = Non-vault monster count
 E = Vault monster count
 F = Vault count percentage of total count
                 A         B        C        D         E       F
            +---------+---------+-------+---------+---------+-------
      Total |      77 |      42 |  35.3 |      37 |       4 |   9.8
            +---------+---------+-------+---------+---------+-------
        D:1 |      58 |       5 |   7.9 |      33 |       3 |   8.3
        D:2 |      18 |      37 |  67.3 |       3 |       1 |  25.0
        D:3 |       1 |       0 |   0.0 |       1 |       0 |   0.0
            +---------+---------+-------+---------+---------+-------
